Nashville Predators vs Edmonton Oilers
Created - Saturday, November 18, 2023 at 06:30
Goals
|
| Nashville Predators |
0 |
1 |
1 |
2 |
| Edmonton Oilers |
0 |
3 |
0 |
3 |
|
Shots
|
| Nashville Predators |
12 |
12 |
13 |
37 |
| Edmonton Oilers |
5 |
16 |
11 |
32 |
|
1st period
No Goal
Penalties :
Cale Makar (NSH) for Tripping (Minor) at 0:22, Cale Makar (NSH) for Roughing (Minor) at 8:44, Scott Mayfield (EDM) for Fighting (Major) at 13:26, Patrick Maroon (NSH) for Fighting (Major) at 13:26, Adrian Kempe (EDM) for High sticking (Minor) at 16:45
2nd period
1. Nashville Predators , Riley Nash 17 (Thomas Novak 21) at 0:06 (PP)
2. Edmonton Oilers , Boone Jenner 18 (David Perron 28, Brett Pesce 8) at 5:40
3. Edmonton Oilers , David Perron 19 (Adrian Kempe 31, Boone Jenner 35) at 6:29
4. Edmonton Oilers , Brock Boeser 15 (Mikael Backlund 33) at 18:49
Penalties :
Scott Mayfield (EDM) for Tripping (Minor) at 0:03, Rasmus Ristolainen (NSH) for Goalie Interference (Minor) at 7:50, Brett Leason (NSH) for Elbowing (Minor) at 12:48
3rd period
5. Nashville Predators , Corey Perry 14 (Cale Makar 45, Kevin Lankinen) at 19:06 (PP)
Penalties :
Brett Pesce (EDM) for High sticking (Minor) at 6:21, Corey Perry (NSH) for Hooking (Minor) at 9:05, Jacob Trouba (EDM) for Cross-checking (Minor) at 14:38, Scott Mayfield (EDM) for Elbowing (Minor) at 18:31
Goalie Stats
Kevin Lankinen (NSH), 29 saves from 32 shots - (0.906), L, 9-8-2, 59:17 minutes
Juuse Saros (EDM), 35 saves from 37 shots - (0.946), W, 21-22-4, 60:00 minutes
Players Stats for Nashville Predators
Player Name G A P +/- PIM S H SB GA TA FO MP PP MP PK MP
------------------------------------------------------------------------------------
Alex Newhook 0 0 0 0 0 2 1 0 1 0 1/1 12:18 0:00 0:16
Alexander Alexeyev 0 0 0 -2 0 1 0 1 0 1 0/0 22:18 3:00 4:56
Blake Wheeler 0 0 0 -2 0 3 1 0 2 0 2/6 21:36 3:17 4:41
Brett Leason 0 0 0 0 2 2 0 1 0 0 0/1 12:08 0:00 3:47
Cale Makar 0 1 1 0 4 4 4 0 0 0 0/0 20:57 3:35 2:54
Cameron Hughes 0 0 0 0 0 4 0 0 0 0 0/0 7:10 0:00 0:00
Corey Perry 1 0 1 0 2 1 0 0 0 0 4/14 16:15 3:17 0:00
Ethan Bear 0 0 0 -2 0 0 1 3 0 1 0/0 23:21 3:00 5:59
Justin Braun 0 0 0 -1 0 2 0 0 0 0 0/0 14:12 0:00 0:45
Kevin Labanc 0 0 0 -2 0 0 4 0 0 0 1/1 18:05 3:17 0:58
Nate Schmidt 0 0 0 -1 0 2 0 0 0 0 0/0 16:20 0:00 1:31
Patrick Maroon 0 0 0 -1 5 0 2 0 0 0 0/0 10:23 0:00 0:57
Rasmus Kupari 0 0 0 -1 0 1 1 0 0 0 0/1 10:16 0:00 0:00
Rasmus Ristolainen 0 0 0 0 2 2 0 1 0 2 0/0 23:01 3:35 3:45
Riley Nash 1 0 1 -1 0 5 1 1 1 0 6/17 18:12 3:18 4:38
Ryan Carpenter 0 0 0 0 0 3 0 0 0 0 6/10 12:06 0:00 4:33
Sam Gagner 0 0 0 0 0 3 1 0 1 0 0/0 15:20 3:18 0:00
Thomas Novak 0 1 1 -2 0 2 0 1 0 1 12/21 16:00 3:18 0:00
Players Stats for Edmonton Oilers
Player Name G A P +/- PIM S H SB GA TA FO MP PP MP PK MP
------------------------------------------------------------------------------------
Adrian Kempe 0 1 1 2 2 4 1 0 1 1 1/1 20:50 5:04 2:05
Boone Jenner 1 1 2 2 0 3 1 0 1 0 15/25 21:45 5:04 3:03
Brandon Carlo 0 0 0 1 0 1 1 2 0 0 0/0 23:46 4:45 3:00
Brett Pesce 0 1 1 0 2 1 0 1 0 1 0/0 13:52 0:00 0:00
Brock Boeser 1 0 1 1 0 2 0 1 0 0 1/3 17:27 4:51 0:00
David Perron 1 1 2 2 0 5 4 0 0 0 1/9 22:21 5:04 3:32
Dawson Mercer 0 0 0 0 0 1 0 0 0 1 1/1 11:13 0:00 0:47
Derek Grant 0 0 0 0 0 1 0 0 0 1 0/2 6:43 0:00 0:00
Erik Johnson 0 0 0 0 0 1 0 3 0 0 0/0 14:43 0:00 2:30
Evan Bouchard 0 0 0 2 0 2 0 4 0 1 0/0 23:40 5:10 3:35
Jacob Trouba 0 0 0 1 2 1 2 2 0 0 0/0 22:58 4:45 1:51
Jake DeBrusk 0 0 0 1 0 2 1 1 0 0 3/3 20:44 4:51 3:14
Jakub Voracek 0 0 0 0 0 2 0 1 0 0 1/1 10:26 0:00 0:00
Jeff Carter 0 0 0 0 0 0 2 0 0 0 3/3 10:26 0:00 0:00
Mikael Backlund 0 1 1 1 0 3 0 0 2 0 14/24 17:27 4:51 0:00
Paul Stastny 0 0 0 0 0 2 1 0 0 0 0/0 7:16 0:00 0:29
Scott Mayfield 0 0 0 2 9 1 2 0 1 0 0/0 21:06 5:10 2:21
Tanner Jeannot 0 0 0 0 0 0 1 0 0 0 0/0 6:43 0:00 0:00
3 Stars
1 - David Perron (EDM)
2 - Boone Jenner (EDM)
3 - Juuse Saros (EDM)
Power Play
Nashville Predators - 2 on 4 Attempt(s) - 50.00%
Edmonton Oilers - 0 on 6 Attempt(s) - 0.00%
Penalty Kill
Nashville Predators - 6 on 6 Attempt(s) - 100.00%
- Score 0 goal in Penalty Kill
Edmonton Oilers - 2 on 4 Attempt(s) - 50.00%
- Score 0 goal in Penalty Kill
Team Stat
Nashville Predators - Hits : 16 - Faceoff Wins : 32 - Blocked Shots : 8 - Penalty Minutes : 15
Edmonton Oilers - Hits : 16 - Faceoff Wins : 40 - Blocked Shots : 15 - Penalty Minutes : 15
Official
Referees : Brian Pochmara and Dave Jackson
Linesman : Steve Miller and Darren Gibbs
Game Notes
Scott Mayfield and Patrick Maroon fight to a draw at 13:26 of 1st period
5:47 of 2nd period - Penalty Shot by Cale Makar for Nashville Predators - Shot Misses the Net
Finance
Level 1 -- Attendance: 5597 (93.28%) -- Ticket Income $503,730
Level 2 -- Attendance: 5000 (100.00%) -- Ticket Income $250,000
Level 3 -- Attendance: 2575 (85.83%) -- Ticket Income $77,250
Level 4 -- Attendance: 4495 (89.90%) -- Ticket Income $89,900
Luxury Box -- Attendance: 952 (95.20%) -- Ticket Income $180,880
Game was played at the Rexall Place.
Total Attendance: 18619 (93.10%)
Total Ticket Income: $1,101,760
Other Income: $385,616
Total Income: $1,487,376
Nashville Predators
5 vs 5 Forward
Center Left Wing Right Wing Time % Phy DF OF
1 Thomas Novak Kevin Labanc Blake Wheeler 30 1 2 2
2 Corey Perry Alex Newhook Sam Gagner 30 1 2 2
3 Riley Nash Patrick Maroon Rasmus Kupari 25 1 2 2
4 Ryan Carpenter Cameron Hughes Brett Leason 15 1 2 2
5 vs 5 Defense
Defense Defense Time % Phy DF OF
1 Cale Makar Rasmus Ristolainen 35 1 2 2
2 Nate Schmidt Justin Braun 35 1 2 2
3 Alexander Alexeyev Ethan Bear 30 1 2 2
4 Cale Makar Nate Schmidt 0 1 2 2
PowerPlay Forward
Center Left Wing Right Wing Time % Phy DF OF
1 Blake Wheeler Kevin Labanc Corey Perry 50 1 2 2
2 Thomas Novak Riley Nash Sam Gagner 50 1 2 2
PowerPlay Defense
Defense Defense Time % Phy DF OF
1 Cale Makar Rasmus Ristolainen 50 1 2 2
2 Alexander Alexeyev Ethan Bear 50 1 2 2
Penalty Kill 4 Players Forward
Center Wing Time % Phy DF OF
1 Riley Nash Blake Wheeler 50 1 2 2
2 Ryan Carpenter Brett Leason 50 1 2 2
Penalty Kill 4 Players Defense
Defense Defense Time % Phy DF OF
1 Cale Makar Rasmus Ristolainen 50 1 2 2
2 Ethan Bear Alexander Alexeyev 50 1 2 2
Penalty Kill - 3 Players Forward
Forward Time % Phy DF OF
1 Riley Nash 50 1 2 2
2 Ryan Carpenter 50 1 2 2
Penalty Kill - 3 Players Defense
Defense Defense Time % Phy DF OF
1 Cale Makar Rasmus Ristolainen 50 1 2 2
2 Alexander Alexeyev Ethan Bear 50 1 2 2
4 vs 4 Forward
Center Wing Time % Phy DF OF
1 Thomas Novak Blake Wheeler 50 1 2 2
2 Kevin Labanc Corey Perry 50 1 2 2
4 vs 4 Defense
Defense Defense Time % Phy DF OF
1 Rasmus Ristolainen Cale Makar 50 1 2 2
2 Ethan Bear Alexander Alexeyev 50 1 2 2
Last Minutes Offensive
Center Left Wing Right Wing Defense Defense
Blake Wheeler Kevin Labanc Corey Perry Rasmus Ristolainen Nate Schmidt
Last Minutes Defensive
Center Left Wing Right Wing Defense Defense
Blake Wheeler Kevin Labanc Corey Perry Rasmus Ristolainen Nate Schmidt
Goaltenders
Starting : Kevin Lankinen
Backup : Adin Hill
Extra Forwards
Normal : Brett Leason, Alex Newhook, Blake Wheeler - PP : Brett Leason, Alex Newhook - PK : Kevin Labanc
Extra Defensemen
Normal : Alexander Alexeyev, Cale Makar, Nate Schmidt - PP : Alexander Alexeyev - PK : Ethan Bear, Nate Schmidt
Penalty Shots
Blake Wheeler, Corey Perry, Thomas Novak, Kevin Labanc, Riley Nash
Edmonton Oilers
5 vs 5 Forward
Center Left Wing Right Wing Time % Phy DF OF
1 Boone Jenner Adrian Kempe David Perron 30 1 2 2
2 Mikael Backlund Jake DeBrusk Brock Boeser 30 1 2 2
3 Jeff Carter Jakub Voracek Dawson Mercer 25 1 2 2
4 Derek Grant Paul Stastny Tanner Jeannot 15 1 2 2
5 vs 5 Defense
Defense Defense Time % Phy DF OF
1 Jacob Trouba Brandon Carlo 35 1 2 2
2 Evan Bouchard Scott Mayfield 35 1 2 2
3 Brett Pesce Erik Johnson 30 1 2 2
4 Jacob Trouba Brandon Carlo 0 1 2 2
PowerPlay Forward
Center Left Wing Right Wing Time % Phy DF OF
1 Boone Jenner Adrian Kempe David Perron 50 1 2 2
2 Mikael Backlund Jake DeBrusk Brock Boeser 50 1 2 2
PowerPlay Defense
Defense Defense Time % Phy DF OF
1 Jacob Trouba Brandon Carlo 50 1 2 2
2 Evan Bouchard Scott Mayfield 50 1 2 2
Penalty Kill 4 Players Forward
Center Wing Time % Phy DF OF
1 Adrian Kempe Boone Jenner 50 1 2 2
2 David Perron Jake DeBrusk 50 1 2 2
Penalty Kill 4 Players Defense
Defense Defense Time % Phy DF OF
1 Jacob Trouba Brandon Carlo 50 1 2 2
2 Evan Bouchard Scott Mayfield 50 1 2 2
Penalty Kill - 3 Players Forward
Forward Time % Phy DF OF
1 Adrian Kempe 50 1 2 2
2 Boone Jenner 50 1 2 2
Penalty Kill - 3 Players Defense
Defense Defense Time % Phy DF OF
1 Jacob Trouba Brandon Carlo 50 1 2 2
2 Evan Bouchard Scott Mayfield 50 1 2 2
4 vs 4 Forward
Center Wing Time % Phy DF OF
1 Adrian Kempe Boone Jenner 50 1 2 2
2 David Perron Jake DeBrusk 50 1 2 2
4 vs 4 Defense
Defense Defense Time % Phy DF OF
1 Jacob Trouba Brandon Carlo 50 1 2 2
2 Evan Bouchard Scott Mayfield 50 1 2 2
Last Minutes Offensive
Center Left Wing Right Wing Defense Defense
Boone Jenner Adrian Kempe David Perron Jacob Trouba Brandon Carlo
Last Minutes Defensive
Center Left Wing Right Wing Defense Defense
Boone Jenner Adrian Kempe David Perron Jacob Trouba Brandon Carlo
Goaltenders
Starting : Juuse Saros
Backup : Matt Murray
Extra Forwards
Normal : Paul Stastny, Jeff Carter, Dawson Mercer - PP : Paul Stastny, Jeff Carter - PK : Dawson Mercer
Extra Defensemen
Normal : Brett Pesce, Erik Johnson, Evan Bouchard - PP : Brett Pesce - PK : Erik Johnson, Evan Bouchard
Penalty Shots
Adrian Kempe, Boone Jenner, David Perron, Jake DeBrusk, Mikael Backlund
% Time on Ice - Nashville Predators
Lines # - Real PCT - Wanted PCT - Time Play
Normal Forward
1 - 30% - 30% - 12:46
2 - 29% - 30% - 12:25
3 - 24% - 25% - 10:16
4 - 17% - 15% - 7:10
Normal Defense
1 - 35% - 35% - 14:48
2 - 35% - 35% - 14:54
3 - 30% - 30% - 12:55
4 - 0% - 0% - 0:00
PP Forward
1 - 50% - 50% - 3:17
2 - 50% - 50% - 3:18
PP Defense
1 - 54% - 50% - 3:35
2 - 46% - 50% - 3:00
PK Forward
1 - 48% - 50% - 4:47
2 - 52% - 50% - 5:08
PK Defense
1 - 50% - 50% - 4:59
2 - 50% - 50% - 4:56
PK3 Forward
1 - 0% - 50%
2 - 0% - 50%
PK3 Defense
1 - 0% - 50%
2 - 0% - 50%
44 Forward
1 - 0% - 50%
2 - 0% - 50%
44 Defense
1 - 0% - 50%
2 - 0% - 50%
Last Minute Offensive - 0:53
Last Minute Defensive - 0:00
Total
Forward - 60:00
Defense - 60:00
|
% Time on Ice - Edmonton Oilers
Lines # - Real PCT - Wanted PCT - Time Play
Normal Forward
1 - 30% - 30% - 12:49
2 - 30% - 30% - 12:39
3 - 24% - 25% - 10:26
4 - 16% - 15% - 6:43
Normal Defense
1 - 37% - 35% - 15:49
2 - 35% - 35% - 14:55
3 - 28% - 30% - 11:53
4 - 0% - 0% - 0:00
PP Forward
1 - 51% - 50% - 5:04
2 - 49% - 50% - 4:51
PP Defense
1 - 48% - 50% - 4:45
2 - 52% - 50% - 5:10
PK Forward
1 - 51% - 50% - 3:21
2 - 49% - 50% - 3:14
PK Defense
1 - 46% - 50% - 3:00
2 - 54% - 50% - 3:35
PK3 Forward
1 - 0% - 50%
2 - 0% - 50%
PK3 Defense
1 - 0% - 50%
2 - 0% - 50%
44 Forward
1 - 0% - 50%
2 - 0% - 50%
44 Defense
1 - 0% - 50%
2 - 0% - 50%
Last Minute Offensive - 0:00
Last Minute Defensive - 0:53
Total
Forward - 60:00
Defense - 60:00
|
Play-by-Play
1st period
0:01 of 1st period - Thomas Novak wins face-off versus David Perron in neutral zone.
0:04 of 1st period - Snap shot by Blake Wheeler.
0:04 of 1st period - Shot Misses the Net.
0:12 of 1st period - Snap shot by Thomas Novak.
0:12 of 1st period - Stopped by Juuse Saros with a rebound.
0:22 of 1st period - Minor Penalty to Cale Makar for Tripping.
0:23 of 1st period - Boone Jenner wins face-off versus Riley Nash in Nashville Predators zone.
2:22 of 1st period - Penalty to Cale Makar is over, Cale Makar is back on ice.
3:32 of 1st period - Icing by Justin Braun.
3:33 of 1st period - Alex Newhook wins face-off versus Mikael Backlund in Nashville Predators zone.
3:40 of 1st period - Wrist shot by Ryan Carpenter.
3:40 of 1st period - Stopped by Juuse Saros with a rebound.
3:42 of 1st period - Slapshot by Nate Schmidt.
3:42 of 1st period - Stopped by Juuse Saros with a rebound.
3:44 of 1st period - Slapshot by Justin Braun.
3:44 of 1st period - Stopped by Juuse Saros with a rebound.
3:46 of 1st period - Slapshot by Justin Braun.
3:46 of 1st period - Shot Blocked by Evan Bouchard.
3:48 of 1st period - Snap shot by Ryan Carpenter.
3:48 of 1st period - Deflect By Mikael Backlund.
3:48 of 1st period - Shot Blocked by Evan Bouchard.
3:48 of 1st period - Puck is out of play.
3:49 of 1st period - Thomas Novak wins face-off versus David Perron in Edmonton Oilers zone.
4:23 of 1st period - Snap shot by Rasmus Kupari.
4:23 of 1st period - Stopped by Juuse Saros with a rebound.
4:39 of 1st period - Brandon Carlo is hit by Ethan Bear and loses puck.
5:59 of 1st period - Snap shot by Riley Nash.
5:59 of 1st period - Stopped by Juuse Saros with a rebound.
6:01 of 1st period - Snap shot by Rasmus Ristolainen.
6:01 of 1st period - Stopped by Juuse Saros without a rebound.
6:02 of 1st period - Jake DeBrusk wins face-off versus Corey Perry in Edmonton Oilers zone.
6:55 of 1st period - Jeff Carter is hit by Patrick Maroon and loses puck.
7:08 of 1st period - Jacob Trouba is hit by Cale Makar and loses puck.
7:19 of 1st period - Snap shot by Sam Gagner.
7:19 of 1st period - Shot Misses the Net.
7:33 of 1st period - Mikael Backlund is hit by Kevin Labanc.
8:01 of 1st period - Snap shot by Boone Jenner.
8:01 of 1st period - Stopped by Kevin Lankinen with a rebound.
8:21 of 1st period - Snap shot by Paul Stastny.
8:21 of 1st period - Shot Misses the Net.
8:29 of 1st period - Brock Boeser is hit by Cale Makar and loses puck.
8:38 of 1st period - Wrist shot by Mikael Backlund.
8:38 of 1st period - Shot Misses the Net.
8:44 of 1st period - Minor Penalty to Cale Makar for Roughing.
8:45 of 1st period - Mikael Backlund wins face-off versus Ryan Carpenter in Nashville Predators zone.
8:57 of 1st period - Off-side.
8:58 of 1st period - Riley Nash wins face-off versus Boone Jenner in neutral zone.
9:03 of 1st period - Wrist shot by Blake Wheeler.
9:03 of 1st period - Stopped by Juuse Saros without a rebound.
9:04 of 1st period - Ryan Carpenter wins face-off versus Boone Jenner in Edmonton Oilers zone.
9:07 of 1st period - Snap shot by Ryan Carpenter.
9:07 of 1st period - Shot Misses the Net.
9:30 of 1st period - Off-side.
9:31 of 1st period - Mikael Backlund wins face-off versus Riley Nash in neutral zone.
9:40 of 1st period - Snap shot by Brock Boeser.
9:40 of 1st period - Shot Misses the Net.
9:44 of 1st period - Snap shot by Brock Boeser.
9:44 of 1st period - Deflect By Jake DeBrusk.
9:44 of 1st period - Shot Misses the Net.
9:44 of 1st period - Puck is out of play.
9:45 of 1st period - Boone Jenner wins face-off versus Ryan Carpenter in Nashville Predators zone.
9:48 of 1st period - Slapshot by David Perron.
9:48 of 1st period - Deflect By Boone Jenner.
9:48 of 1st period - Shot Misses the Net.
9:48 of 1st period - Puck is out of play.
9:49 of 1st period - Ryan Carpenter wins face-off versus Boone Jenner in Nashville Predators zone.
10:04 of 1st period - Slapshot by David Perron.
10:04 of 1st period - Deflect By Boone Jenner.
10:04 of 1st period - Shot Misses the Net.
10:04 of 1st period - Puck is out of play.
10:05 of 1st period - Ryan Carpenter wins face-off versus Mikael Backlund in Nashville Predators zone.
10:31 of 1st period - Blake Wheeler is hit by Adrian Kempe and loses puck.
10:44 of 1st period - Penalty to Cale Makar is over, Cale Makar is back on ice.
10:44 of 1st period - Rasmus Ristolainen is hit by David Perron and loses puck.
10:55 of 1st period - Rasmus Ristolainen is hit by Scott Mayfield and loses puck.
11:04 of 1st period - Alex Newhook is hit by Jeff Carter and loses puck.
11:52 of 1st period - Slapshot by Paul Stastny.
11:52 of 1st period - Stopped by Kevin Lankinen with a rebound.
12:34 of 1st period - Slapshot by Brock Boeser.
12:34 of 1st period - Stopped by Kevin Lankinen with a rebound.
12:36 of 1st period - Slapshot by Brandon Carlo.
12:36 of 1st period - Shot Hit the Post.
12:46 of 1st period - Justin Braun is hit by Jacob Trouba and loses puck.
13:26 of 1st period - Scott Mayfield and Patrick Maroon fight to a draw.
13:26 of 1st period - Penalty to Scott Mayfield for Fighting.
13:26 of 1st period - Penalty to Patrick Maroon for Fighting.
13:27 of 1st period - Thomas Novak wins face-off versus Boone Jenner in neutral zone.
14:13 of 1st period - Wrist shot by Riley Nash.
14:13 of 1st period - Shot Blocked by Jakub Voracek.
14:15 of 1st period - Backhand shot by Rasmus Ristolainen.
14:15 of 1st period - Shot Blocked by Brandon Carlo.
14:17 of 1st period - Slapshot by Rasmus Kupari.
14:17 of 1st period - Shot Misses the Net.
14:35 of 1st period - Brandon Carlo is hit by Kevin Labanc and loses puck.
15:08 of 1st period - Snap shot by Brock Boeser.
15:08 of 1st period - Shot Misses the Net.
15:10 of 1st period - Wrist shot by Jake DeBrusk.
15:10 of 1st period - Stopped by Kevin Lankinen with a rebound.
15:12 of 1st period - Snap shot by Brock Boeser.
15:12 of 1st period - Deflect By Jake DeBrusk.
15:12 of 1st period - Shot Misses the Net.
15:12 of 1st period - Puck is out of play.
15:13 of 1st period - Thomas Novak wins face-off versus Boone Jenner in Nashville Predators zone.
15:43 of 1st period - Backhand shot by Cale Makar.
15:43 of 1st period - Stopped by Juuse Saros with a rebound.
15:45 of 1st period - Snap shot by Riley Nash.
15:45 of 1st period - Shot Blocked by Evan Bouchard.
15:47 of 1st period - Slapshot by Rasmus Ristolainen.
15:47 of 1st period - Shot Misses the Net.
15:49 of 1st period - Wrist shot by Brett Leason.
15:49 of 1st period - Stopped by Juuse Saros without a rebound.
15:50 of 1st period - Brock Boeser wins face-off versus Corey Perry in Edmonton Oilers zone.
15:59 of 1st period - Snap shot by Jake DeBrusk.
15:59 of 1st period - Stopped by Kevin Lankinen with a rebound.
16:05 of 1st period - Snap shot by Brock Boeser.
16:05 of 1st period - Shot Misses the Net.
16:36 of 1st period - Snap shot by Brett Leason.
16:36 of 1st period - Shot Blocked by Brandon Carlo.
16:40 of 1st period - Slapshot by Brett Leason.
16:40 of 1st period - Shot Misses the Net.
16:42 of 1st period - Slapshot by Justin Braun.
16:42 of 1st period - Deflect By Brett Leason.
16:42 of 1st period - Stopped by Juuse Saros without a rebound.
16:43 of 1st period - Boone Jenner wins face-off versus Corey Perry in Edmonton Oilers zone.
16:45 of 1st period - Minor Penalty to Adrian Kempe for High sticking.
16:46 of 1st period - Dawson Mercer wins face-off versus Blake Wheeler in Edmonton Oilers zone.
17:22 of 1st period - Slapshot by Cale Makar.
17:22 of 1st period - Shot Misses the Net.
17:28 of 1st period - Wrist shot by Thomas Novak.
17:28 of 1st period - Shot Blocked by Jake DeBrusk.
18:26 of 1st period - Penalty to Scott Mayfield is over, Scott Mayfield is back on ice.
18:45 of 1st period - Penalty to Adrian Kempe is over, Adrian Kempe is back on ice.
19:00 of 1st period - Snap shot by Ryan Carpenter.
19:00 of 1st period - Stopped by Juuse Saros without a rebound.
19:01 of 1st period - Jeff Carter wins face-off versus Ryan Carpenter in Edmonton Oilers zone.
Goals for this period are 0 for Nashville Predators vs 0 for Edmonton Oilers.
Shots for this period are 12 for Nashville Predators vs 5 for Edmonton Oilers.
2nd period
0:01 of 2nd period - Boone Jenner wins face-off versus Thomas Novak in neutral zone.
0:03 of 2nd period - Minor Penalty to Scott Mayfield for Tripping.
0:04 of 2nd period - Thomas Novak wins face-off versus David Perron in Edmonton Oilers zone.
0:06 of 2nd period - Snap shot by Riley Nash.
0:06 of 2nd period - Goal by Riley Nash - Nashville Predators : 1 - Edmonton Oilers : 0.
0:07 of 2nd period - Thomas Novak wins face-off versus Boone Jenner in neutral zone.
0:55 of 2nd period - Snap shot by Riley Nash.
0:55 of 2nd period - Stopped by Juuse Saros without a rebound.
0:56 of 2nd period - Jeff Carter wins face-off versus Riley Nash in Edmonton Oilers zone.
0:56 of 2nd period - Jeff Carter is hit by Patrick Maroon.
1:24 of 2nd period - Snap shot by Blake Wheeler.
1:24 of 2nd period - Stopped by Juuse Saros without a rebound.
1:25 of 2nd period - Boone Jenner wins face-off versus Blake Wheeler in Edmonton Oilers zone.
1:59 of 2nd period - Snap shot by Sam Gagner.
1:59 of 2nd period - Shot Misses the Net.
2:25 of 2nd period - Snap shot by Brett Leason.
2:25 of 2nd period - Shot Misses the Net.
2:37 of 2nd period - Snap shot by Paul Stastny.
2:37 of 2nd period - Shot Misses the Net.
2:47 of 2nd period - Slapshot by Derek Grant.
2:47 of 2nd period - Stopped by Kevin Lankinen with a rebound.
3:27 of 2nd period - Snap shot by Alex Newhook.
3:27 of 2nd period - Stopped by Juuse Saros with a rebound.
3:29 of 2nd period - Snap shot by Sam Gagner.
3:29 of 2nd period - Shot Misses the Net.
3:31 of 2nd period - Slapshot by Justin Braun.
3:31 of 2nd period - Stopped by Juuse Saros without a rebound.
3:32 of 2nd period - Riley Nash wins face-off versus Boone Jenner in Edmonton Oilers zone.
3:35 of 2nd period - Snap shot by Riley Nash.
3:35 of 2nd period - Shot Misses the Net.
3:37 of 2nd period - Wrist shot by Rasmus Ristolainen.
3:37 of 2nd period - Shot Misses the Net.
3:39 of 2nd period - Slapshot by Rasmus Ristolainen.
3:39 of 2nd period - Shot Misses the Net.
3:57 of 2nd period - Cale Makar is hit by Jake DeBrusk and loses puck.
4:44 of 2nd period - Snap shot by Brett Leason.
4:44 of 2nd period - Shot Misses the Net.
4:46 of 2nd period - Slapshot by Cameron Hughes.
4:46 of 2nd period - Stopped by Juuse Saros with a rebound.
5:00 of 2nd period - Wrist shot by Adrian Kempe.
5:00 of 2nd period - Shot Misses the Net.
5:02 of 2nd period - Snap shot by Boone Jenner.
5:02 of 2nd period - Stopped by Kevin Lankinen with a rebound.
5:04 of 2nd period - Snap shot by David Perron.
5:04 of 2nd period - Stopped by Kevin Lankinen without a rebound.
5:05 of 2nd period - Corey Perry wins face-off versus Mikael Backlund in Nashville Predators zone.
5:36 of 2nd period - Snap shot by David Perron.
5:36 of 2nd period - Stopped by Kevin Lankinen with a rebound.
5:38 of 2nd period - Slapshot by David Perron.
5:38 of 2nd period - Shot Blocked by Ethan Bear.
5:40 of 2nd period - Snap shot by Boone Jenner.
5:40 of 2nd period - Goal by Boone Jenner - Nashville Predators : 1 - Edmonton Oilers : 1.
5:41 of 2nd period - Boone Jenner wins face-off versus Blake Wheeler in neutral zone.
5:47 of 2nd period - Penalty Shot by Cale Makar for Nashville Predators.
5:47 of 2nd period - Snap shot by Cale Makar.
5:47 of 2nd period - Shot Misses the Net.
5:48 of 2nd period - Corey Perry wins face-off versus Mikael Backlund in Nashville Predators zone.
5:52 of 2nd period - Slapshot by Cale Makar.
5:52 of 2nd period - Stopped by Juuse Saros without a rebound.
5:53 of 2nd period - Mikael Backlund wins face-off versus Corey Perry in Edmonton Oilers zone.
6:22 of 2nd period - Snap shot by Riley Nash.
6:22 of 2nd period - Stopped by Juuse Saros without a rebound.
6:23 of 2nd period - Boone Jenner wins face-off versus Rasmus Kupari in Edmonton Oilers zone.
6:23 of 2nd period - David Perron is hit by Rasmus Kupari.
6:29 of 2nd period - Slapshot by David Perron.
6:29 of 2nd period - Goal by David Perron - Nashville Predators : 1 - Edmonton Oilers : 2.
6:30 of 2nd period - Thomas Novak wins face-off versus Boone Jenner in neutral zone.
6:30 of 2nd period - Thomas Novak is hit by David Perron.
6:42 of 2nd period - Wrist shot by Blake Wheeler.
6:42 of 2nd period - Stopped by Juuse Saros with a rebound.
7:12 of 2nd period - Jake DeBrusk is hit by Sam Gagner and loses puck.
7:16 of 2nd period - Icing by Evan Bouchard.
7:17 of 2nd period - Riley Nash wins face-off versus Mikael Backlund in Edmonton Oilers zone.
7:18 of 2nd period - Snap shot by Cale Makar.
7:18 of 2nd period - Deflect By Riley Nash.
7:18 of 2nd period - Shot Misses the Net.
7:18 of 2nd period - Puck is out of play.
7:19 of 2nd period - Boone Jenner wins face-off versus Riley Nash in Edmonton Oilers zone.
7:30 of 2nd period - Rasmus Ristolainen is hit by David Perron and loses puck.
7:50 of 2nd period - Minor Penalty to Rasmus Ristolainen for Goalie Interference.
7:51 of 2nd period - Ryan Carpenter wins face-off versus Brock Boeser in Nashville Predators zone.
9:50 of 2nd period - Penalty to Rasmus Ristolainen is over, Rasmus Ristolainen is back on ice.
10:08 of 2nd period - Jakub Voracek is hit by Alex Newhook and loses puck.
10:23 of 2nd period - Alex Newhook is hit by Paul Stastny and loses puck.
11:07 of 2nd period - Wrist shot by Paul Stastny.
11:07 of 2nd period - Stopped by Kevin Lankinen with a rebound.
11:15 of 2nd period - Wrist shot by Riley Nash.
11:15 of 2nd period - Stopped by Juuse Saros with a rebound.
11:31 of 2nd period - Slapshot by Cale Makar.
11:31 of 2nd period - Shot Misses the Net.
12:48 of 2nd period - Minor Penalty to Brett Leason for Elbowing.
12:49 of 2nd period - Mikael Backlund wins face-off versus Riley Nash in Nashville Predators zone.
12:50 of 2nd period - Wrist shot by Jake DeBrusk.
12:50 of 2nd period - Shot Misses the Net.
12:52 of 2nd period - Wrist shot by Mikael Backlund.
12:52 of 2nd period - Stopped by Kevin Lankinen without a rebound.
12:53 of 2nd period - Mikael Backlund wins face-off versus Riley Nash in Nashville Predators zone.
12:54 of 2nd period - Slapshot by Jake DeBrusk.
12:54 of 2nd period - Shot Misses the Net.
12:56 of 2nd period - Wrist shot by Mikael Backlund.
12:56 of 2nd period - Shot Misses the Net.
12:58 of 2nd period - Slapshot by Scott Mayfield.
12:58 of 2nd period - Shot Misses the Net.
13:18 of 2nd period - Wrist shot by Adrian Kempe.
13:18 of 2nd period - Stopped by Kevin Lankinen with a rebound.
13:20 of 2nd period - Snap shot by David Perron.
13:20 of 2nd period - Shot Blocked by Alexander Alexeyev.
13:24 of 2nd period - Wrist shot by Adrian Kempe.
13:24 of 2nd period - Stopped by Kevin Lankinen with a rebound.
13:26 of 2nd period - Slapshot by Scott Mayfield.
13:26 of 2nd period - Stopped by Kevin Lankinen with a rebound.
14:48 of 2nd period - Penalty to Brett Leason is over, Brett Leason is back on ice.
14:58 of 2nd period - Off-side.
14:59 of 2nd period - Jeff Carter wins face-off versus Corey Perry in neutral zone.
15:11 of 2nd period - Wrist shot by Dawson Mercer.
15:11 of 2nd period - Stopped by Kevin Lankinen with a rebound.
15:13 of 2nd period - Slapshot by Brett Pesce.
15:13 of 2nd period - Stopped by Kevin Lankinen without a rebound.
15:14 of 2nd period - Boone Jenner wins face-off versus Thomas Novak in Nashville Predators zone.
15:44 of 2nd period - Wrist shot by Cale Makar.
15:44 of 2nd period - Stopped by Juuse Saros without a rebound.
15:45 of 2nd period - Mikael Backlund wins face-off versus Riley Nash in Edmonton Oilers zone.
15:52 of 2nd period - Slapshot by Jake DeBrusk.
15:52 of 2nd period - Shot Misses the Net.
15:54 of 2nd period - Snap shot by Brock Boeser.
15:54 of 2nd period - Shot Misses the Net.
15:56 of 2nd period - Slapshot by Brett Pesce.
15:56 of 2nd period - Shot Misses the Net.
15:58 of 2nd period - Wrist shot by Jake DeBrusk.
15:58 of 2nd period - Shot Misses the Net.
16:00 of 2nd period - Slapshot by Brett Pesce.
16:00 of 2nd period - Shot Blocked by Ethan Bear.
16:30 of 2nd period - Off-side.
16:31 of 2nd period - Jakub Voracek wins face-off versus Corey Perry in neutral zone.
16:44 of 2nd period - Snap shot by Jakub Voracek.
16:44 of 2nd period - Stopped by Kevin Lankinen without a rebound.
16:45 of 2nd period - Thomas Novak wins face-off versus Mikael Backlund in Nashville Predators zone.
17:11 of 2nd period - Cale Makar is hit by David Perron and loses puck.
17:18 of 2nd period - Snap shot by David Perron.
17:18 of 2nd period - Shot Misses the Net.
17:20 of 2nd period - Slapshot by David Perron.
17:20 of 2nd period - Shot Blocked by Rasmus Ristolainen.
17:58 of 2nd period - Brett Leason is hit by Tanner Jeannot and loses puck.
18:35 of 2nd period - Backhand shot by Riley Nash.
18:35 of 2nd period - Deflect By David Perron.
18:35 of 2nd period - Shot Misses the Net.
18:35 of 2nd period - Puck is out of play.
18:36 of 2nd period - Boone Jenner wins face-off versus Riley Nash in Edmonton Oilers zone.
18:47 of 2nd period - Slapshot by Adrian Kempe.
18:47 of 2nd period - Stopped by Kevin Lankinen without a rebound.
18:48 of 2nd period - Mikael Backlund wins face-off versus Thomas Novak in Nashville Predators zone.
18:49 of 2nd period - Backhand shot by Brock Boeser.
18:49 of 2nd period - Goal by Brock Boeser - Nashville Predators : 1 - Edmonton Oilers : 3.
18:50 of 2nd period - Jake DeBrusk wins face-off versus Thomas Novak in neutral zone.
19:15 of 2nd period - Sam Gagner is hit by Scott Mayfield and loses puck.
19:22 of 2nd period - Wrist shot by Adrian Kempe.
19:22 of 2nd period - Shot Misses the Net.
19:24 of 2nd period - Wrist shot by Adrian Kempe.
19:24 of 2nd period - Shot Misses the Net.
19:26 of 2nd period - Slapshot by Erik Johnson.
19:26 of 2nd period - Deflect By Adrian Kempe.
19:26 of 2nd period - Shot Blocked by Ethan Bear.
19:26 of 2nd period - Puck is out of play.
19:27 of 2nd period - Mikael Backlund wins face-off versus Thomas Novak in Nashville Predators zone.
19:52 of 2nd period - Brett Pesce is hit by Cale Makar and loses puck.
19:57 of 2nd period - Snap shot by Sam Gagner.
19:57 of 2nd period - Stopped by Juuse Saros with a rebound.
19:59 of 2nd period - Wrist shot by Corey Perry.
19:59 of 2nd period - Shot Misses the Net.
Goals for this period are 1 for Nashville Predators vs 3 for Edmonton Oilers.
Shots for this period are 12 for Nashville Predators vs 16 for Edmonton Oilers.
3rd period
0:01 of 3rd period - Boone Jenner wins face-off versus Thomas Novak in neutral zone.
0:08 of 3rd period - Wrist shot by Adrian Kempe.
0:08 of 3rd period - Stopped by Kevin Lankinen without a rebound.
0:09 of 3rd period - Thomas Novak wins face-off versus David Perron in Nashville Predators zone.
0:39 of 3rd period - Off-side.
0:40 of 3rd period - Mikael Backlund wins face-off versus Corey Perry in neutral zone.
1:05 of 3rd period - Patrick Maroon is hit by Jeff Carter.
1:11 of 3rd period - Snap shot by Jakub Voracek.
1:11 of 3rd period - Stopped by Kevin Lankinen with a rebound.
1:13 of 3rd period - Slapshot by Erik Johnson.
1:13 of 3rd period - Shot Misses the Net.
1:27 of 3rd period - Backhand shot by David Perron.
1:27 of 3rd period - Stopped by Kevin Lankinen with a rebound.
1:30 of 3rd period - Icing by Cale Makar.
1:31 of 3rd period - Boone Jenner wins face-off versus Riley Nash in Nashville Predators zone.
1:42 of 3rd period - Slapshot by Adrian Kempe.
1:42 of 3rd period - Shot Blocked by Riley Nash.
2:21 of 3rd period - Slapshot by David Perron.
2:21 of 3rd period - Stopped by Kevin Lankinen with a rebound.
2:47 of 3rd period - Slapshot by Riley Nash.
2:47 of 3rd period - Deflect By Rasmus Kupari.
2:47 of 3rd period - Shot Misses the Net.
2:47 of 3rd period - Puck is out of play.
2:48 of 3rd period - Corey Perry wins face-off versus Mikael Backlund in Edmonton Oilers zone.
2:53 of 3rd period - Backhand shot by Sam Gagner.
2:53 of 3rd period - Stopped by Juuse Saros with a rebound.
3:01 of 3rd period - Snap shot by Alex Newhook.
3:01 of 3rd period - Shot Blocked by Brock Boeser.
3:03 of 3rd period - Slapshot by Alexander Alexeyev.
3:03 of 3rd period - Shot Blocked by Jacob Trouba.
3:22 of 3rd period - Snap shot by Nate Schmidt.
3:22 of 3rd period - Stopped by Juuse Saros with a rebound.
4:51 of 3rd period - Ethan Bear is hit by Boone Jenner and loses puck.
5:08 of 3rd period - Tanner Jeannot is hit by Cale Makar and loses puck.
6:05 of 3rd period - Icing by Brett Pesce.
6:06 of 3rd period - Mikael Backlund wins face-off versus Riley Nash in Edmonton Oilers zone.
6:21 of 3rd period - Minor Penalty to Brett Pesce for High sticking.
6:22 of 3rd period - Thomas Novak wins face-off versus David Perron in Edmonton Oilers zone.
6:31 of 3rd period - Wrist shot by Thomas Novak.
6:31 of 3rd period - Shot Blocked by Evan Bouchard.
6:33 of 3rd period - Slapshot by Riley Nash.
6:33 of 3rd period - Shot Misses the Net.
6:35 of 3rd period - Snap shot by Riley Nash.
6:35 of 3rd period - Shot Misses the Net.
6:37 of 3rd period - Snap shot by Thomas Novak.
6:37 of 3rd period - Shot Misses the Net.
6:55 of 3rd period - Slapshot by Cale Makar.
6:55 of 3rd period - Shot Misses the Net.
6:57 of 3rd period - Slapshot by Rasmus Ristolainen.
6:57 of 3rd period - Stopped by Juuse Saros with a rebound.
8:21 of 3rd period - Penalty to Brett Pesce is over, Brett Pesce is back on ice.
8:37 of 3rd period - Snap shot by Ryan Carpenter.
8:37 of 3rd period - Stopped by Juuse Saros with a rebound.
8:39 of 3rd period - Snap shot by Ethan Bear.
8:39 of 3rd period - Deflect By Cameron Hughes.
8:39 of 3rd period - Stopped by Juuse Saros without a rebound.
8:40 of 3rd period - Ryan Carpenter wins face-off versus Derek Grant in Edmonton Oilers zone.
8:41 of 3rd period - Wrist shot by Cameron Hughes.
8:41 of 3rd period - Shot Blocked by Brett Pesce.
8:43 of 3rd period - Wrist shot by Cameron Hughes.
8:43 of 3rd period - Stopped by Juuse Saros without a rebound.
8:44 of 3rd period - Ryan Carpenter wins face-off versus Derek Grant in Edmonton Oilers zone.
8:45 of 3rd period - Snap shot by Cameron Hughes.
8:45 of 3rd period - Shot Blocked by Jacob Trouba.
8:58 of 3rd period - Off-side.
8:59 of 3rd period - Mikael Backlund wins face-off versus Corey Perry in neutral zone.
9:05 of 3rd period - Minor Penalty to Corey Perry for Hooking.
9:06 of 3rd period - Mikael Backlund wins face-off versus Riley Nash in Nashville Predators zone.
9:06 of 3rd period - Slapshot by Brock Boeser.
9:06 of 3rd period - Shot Misses the Net.
9:13 of 3rd period - Icing by Brandon Carlo.
9:14 of 3rd period - Jake DeBrusk wins face-off versus Ryan Carpenter in Edmonton Oilers zone.
9:21 of 3rd period - Slapshot by Jacob Trouba.
9:21 of 3rd period - Shot Misses the Net.
9:23 of 3rd period - Snap shot by Jacob Trouba.
9:23 of 3rd period - Shot Misses the Net.
9:25 of 3rd period - Slapshot by Brandon Carlo.
9:25 of 3rd period - Deflect By Mikael Backlund.
9:25 of 3rd period - Shot Misses the Net.
9:25 of 3rd period - Puck is out of play.
9:26 of 3rd period - Riley Nash wins face-off versus Boone Jenner in Nashville Predators zone.
9:37 of 3rd period - Wrist shot by Adrian Kempe.
9:37 of 3rd period - Shot Misses the Net.
10:00 of 3rd period - Slapshot by Evan Bouchard.
10:00 of 3rd period - Stopped by Kevin Lankinen without a rebound.
10:01 of 3rd period - Riley Nash wins face-off versus Mikael Backlund in Nashville Predators zone.
10:28 of 3rd period - Boone Jenner is hit by Riley Nash and loses puck.
11:05 of 3rd period - Penalty to Corey Perry is over, Corey Perry is back on ice.
11:15 of 3rd period - Snap shot by Dawson Mercer.
11:15 of 3rd period - Shot Misses the Net.
11:43 of 3rd period - Tanner Jeannot is hit by Blake Wheeler and loses puck.
12:08 of 3rd period - Icing by Jacob Trouba.
12:09 of 3rd period - Boone Jenner wins face-off versus Brett Leason in Edmonton Oilers zone.
12:20 of 3rd period - Wrist shot by Adrian Kempe.
12:20 of 3rd period - Shot Misses the Net.
12:22 of 3rd period - Slapshot by Brandon Carlo.
12:22 of 3rd period - Shot Blocked by Brett Leason.
12:24 of 3rd period - Slapshot by Jacob Trouba.
12:24 of 3rd period - Stopped by Kevin Lankinen without a rebound.
12:25 of 3rd period - Mikael Backlund wins face-off versus Corey Perry in Nashville Predators zone.
12:34 of 3rd period - Snap shot by Mikael Backlund.
12:34 of 3rd period - Stopped by Kevin Lankinen with a rebound.
12:36 of 3rd period - Slapshot by Evan Bouchard.
12:36 of 3rd period - Stopped by Kevin Lankinen without a rebound.
12:37 of 3rd period - Thomas Novak wins face-off versus Mikael Backlund in Nashville Predators zone.
12:50 of 3rd period - Snap shot by Thomas Novak.
12:50 of 3rd period - Stopped by Juuse Saros with a rebound.
12:52 of 3rd period - Wrist shot by Blake Wheeler.
12:52 of 3rd period - Deflect By Mikael Backlund.
12:52 of 3rd period - Shot Misses the Net.
12:52 of 3rd period - Puck is out of play.
12:53 of 3rd period - Boone Jenner wins face-off versus Corey Perry in Edmonton Oilers zone.
13:02 of 3rd period - Snap shot by Sam Gagner.
13:02 of 3rd period - Deflect By Brandon Carlo.
13:02 of 3rd period - Shot Misses the Net.
13:02 of 3rd period - Puck is out of play.
13:03 of 3rd period - Corey Perry wins face-off versus Boone Jenner in Edmonton Oilers zone.
13:14 of 3rd period - Snap shot by Alex Newhook.
13:14 of 3rd period - Stopped by Juuse Saros without a rebound.
13:15 of 3rd period - Thomas Novak wins face-off versus Brock Boeser in Edmonton Oilers zone.
14:02 of 3rd period - Wrist shot by Cameron Hughes.
14:02 of 3rd period - Shot Blocked by Erik Johnson.
14:10 of 3rd period - Slapshot by Cameron Hughes.
14:10 of 3rd period - Stopped by Juuse Saros without a rebound.
14:11 of 3rd period - Mikael Backlund wins face-off versus Thomas Novak in Edmonton Oilers zone.
14:38 of 3rd period - Minor Penalty to Jacob Trouba for Cross-checking.
14:39 of 3rd period - Blake Wheeler wins face-off versus David Perron in Edmonton Oilers zone.
14:46 of 3rd period - Wrist shot by Blake Wheeler.
14:46 of 3rd period - Shot Misses the Net.
14:48 of 3rd period - Slapshot by Alexander Alexeyev.
14:48 of 3rd period - Deflect By Kevin Labanc.
14:48 of 3rd period - Shot Blocked by Erik Johnson.
14:48 of 3rd period - Puck is out of play.
14:49 of 3rd period - Blake Wheeler wins face-off versus David Perron in Edmonton Oilers zone.
15:00 of 3rd period - Snap shot by Blake Wheeler.
15:00 of 3rd period - Shot Misses the Net.
15:02 of 3rd period - Slapshot by Alexander Alexeyev.
15:02 of 3rd period - Stopped by Juuse Saros without a rebound.
15:03 of 3rd period - Adrian Kempe wins face-off versus Thomas Novak in Edmonton Oilers zone.
15:20 of 3rd period - Wrist shot by Adrian Kempe.
15:20 of 3rd period - Deflect By Boone Jenner.
15:20 of 3rd period - Shot Blocked by Thomas Novak.
15:20 of 3rd period - Puck is out of play.
15:21 of 3rd period - Kevin Labanc wins face-off versus David Perron in Nashville Predators zone.
15:46 of 3rd period - Thomas Novak is hit by Brandon Carlo and loses puck.
16:11 of 3rd period - Evan Bouchard is hit by Kevin Labanc and loses puck.
16:38 of 3rd period - Penalty to Jacob Trouba is over, Jacob Trouba is back on ice.
16:48 of 3rd period - Slapshot by Erik Johnson.
16:48 of 3rd period - Shot Misses the Net.
16:50 of 3rd period - Slapshot by Brandon Carlo.
16:50 of 3rd period - Stopped by Kevin Lankinen with a rebound.
16:52 of 3rd period - Slapshot by Brandon Carlo.
16:52 of 3rd period - Shot Misses the Net.
16:54 of 3rd period - Slapshot by Erik Johnson.
16:54 of 3rd period - Stopped by Kevin Lankinen with a rebound.
17:08 of 3rd period - Snap shot by Mikael Backlund.
17:08 of 3rd period - Stopped by Kevin Lankinen without a rebound.
17:09 of 3rd period - Riley Nash wins face-off versus Mikael Backlund in Nashville Predators zone.
17:18 of 3rd period - Wrist shot by Riley Nash.
17:18 of 3rd period - Shot Misses the Net.
17:32 of 3rd period - Jeff Carter is hit by Kevin Labanc and loses puck.
18:31 of 3rd period - Minor Penalty to Scott Mayfield for Elbowing.
18:32 of 3rd period - David Perron wins face-off versus Thomas Novak in Edmonton Oilers zone.
18:42 of 3rd period - Slapshot by Cale Makar.
18:42 of 3rd period - Stopped by Juuse Saros with a rebound.
18:44 of 3rd period - Slapshot by Sam Gagner.
18:44 of 3rd period - Stopped by Juuse Saros with a rebound.
19:02 of 3rd period - Slapshot by Cale Makar.
19:02 of 3rd period - Shot Misses the Net.
19:04 of 3rd period - Snap shot by Corey Perry.
19:04 of 3rd period - Shot Blocked by Erik Johnson.
19:06 of 3rd period - Snap shot by Corey Perry.
19:06 of 3rd period - Goal by Corey Perry - Nashville Predators : 2 - Edmonton Oilers : 3.
19:07 of 3rd period - Boone Jenner wins face-off versus Blake Wheeler in neutral zone.
19:10 of 3rd period - Nate Schmidt is hit by Jacob Trouba and loses puck.
19:17 of 3rd period - Nashville Predators, Kevin Lankinen is pulled from the net.
Goals for this period are 1 for Nashville Predators vs 0 for Edmonton Oilers.
Shots for this period are 13 for Nashville Predators vs 11 for Edmonton Oilers.
Back to the Top